 Dungeon Crawl Stone Soup version 0.19.1 (webtiles) character file.

37 mmcf the Insei (level 3, 0/26 HPs)
             Began as a Merfolk Transmuter on Dec 3, 2016.
             Slain by an adder (4 damage)
             ... on level 2 of the Dungeon.
             The game lasted 00:02:16 (1803 turns).

mmcf the Insei (Merfolk Transmuter)                 Turns: 1803, Time: 00:02:17

Health: 0/26       AC:  2    Str: 10    XL:     3   Next: 41%
Magic:  6/6        EV: 13    Int: 13    God:
Gold:   87         SH:  0    Dex: 14    Spells: 3 memorised, 0 levels left

rFire  . . .     SeeInvis .       - Unarmed
rCold  . . .     Gourm    .     b - +0 robe
rNeg   . . .     Faith    .     (no shield)
rPois  .         Spirit   .     (no helmet)
rElec  .         Reflect  .     (no cloak)
rCorr  .         Harm     .     (no gloves)
MR     .....                    (no boots)
Stlth  +.........               (no amulet)
                                (no ring)
                                (no ring)

@: appendage (expiring)
A: change form in water, swift swim, stealthy swim, horns 2
a: End Transformation


You were on level 2 of the Dungeon.
You were not hungry.
You had grown temporary horns.
You visited 1 branch of the dungeon, and saw 2 of its levels.

You collected 87 gold pieces.

Inventory:

Missiles
 a - 31 arrows
 e - 70 stones (quivered)
 s - 21 sling bullets
Armour
 b - a +0 robe (worn)
Jewellery
 j - an uncursed ring of fire
Scrolls
 g - a scroll of fear {unknown}
 m - a scroll of teleportation {unknown}
 o - a scroll of enchant armour {unknown}
 q - a scroll of enchant weapon {unknown}
Potions
 h - a potion of magic
 l - 2 potions of brilliance
 p - a potion of cancellation {unknown}
 r - a potion of resistance {unknown}
Books
 c - a book of Changes

   Spells                             Type                      Level
   a - Beastly Appendage              Transmutation                1
   b - Sticks to Snakes               Transmutation                2
   c - Spider Form                    Transmutation/Poison         3
   d - Ice Form                       Ice/Transmutation            4
   e - Blade Hands                    Transmutation                5
Comestibles
 d - 2 bread rations
 f - 2 chunks of flesh
 i - 2 fruits
 t - a meat ration


   Skills:
 - Level 1.1 Fighting
 + Level 3.5 Dodging
 * Level 4.3 Unarmed Combat
 - Level 2.0 Spellcasting
 - Level 2.6 Transmutations


You couldn't memorise any spells.
You knew the following spells:

 Your Spells              Type           Power        Failure   Level  Hunger
a - Beastly Appendage     Tmut           #.....       10%         1    ##.....
b - Sticks to Snakes      Tmut           #.......     14%         2    ###....
c - Spider Form           Tmut/Pois      #.........   52%         3    ####...


Dungeon Overview and Level Annotations

Branches:
Dungeon (2/15)

Altars:


Innate Abilities, Weirdness & Mutations

You revert to your normal form in water.
You are very nimble and swift while swimming.
You are very stealthy in the water. (Stealth+)
You have a pair of horns on your head.


Message History

The adder is almost dead.
The goblin closely misses you. The adder misses you.
You closely miss the adder.
The adder is almost dead.
The adder bites you. The goblin barely misses you.
You closely miss the adder.
The adder is almost dead.
Your transformation is almost over.
The adder bites you. The goblin hits you with a club. The adder bites you.
* * * LOW HITPOINT WARNING * * *
You hit the adder but do no damage.
The adder is almost dead.
The goblin closely misses you. The adder closely misses you.
You miss the adder.
The adder is almost dead.
The adder misses you. The goblin hits you with a club.
* * * LOW HITPOINT WARNING * * *
The adder bites you.
You die...

##### #...# #.#.# #
#.#.# #. #.#.#
.#.#######.#<#รท#######
..............gS@....+
....<........#.#######
....######.#+#.# ....
#.(....# .... #......#
..). #......# ....
#....$.# ?... .........
#... #.#.......


You could see an adder and a goblin.

Vanquished Creatures
  An adder (D:2)
  A dart slug (D:1)
  A leopard gecko (D:1)
  3 bats (D:1)
  4 goblins (D:1)
  A hobgoblin (D:1)
  5 jackals (D:1)
  A frilled lizard (D:1)
  3 kobolds (D:1)
  5 rats (D:1)
25 creatures vanquished.

Notes
Turn   | Place    | Note
-------+----------+-------------------------------------------
     0 | D:1      | mmcf the Merfolk Transmuter began the quest for the Orb.
     0 | D:1      | Reached XP level 1. HP: 15/15 MP: 3/3
   419 | D:1      | Reached XP level 2. HP: 21/21 MP: 5/5
   459 | D:1      | Learned a level 2 spell: Sticks to Snakes
   747 | D:1      | Reached skill level 4 in Unarmed Combat
  1115 | D:1      | Reached XP level 3. HP: 25/26 MP: 6/6
  1120 | D:1      | Learned a level 3 spell: Spider Form
  1803 | D:2      | Slain by an adder

Skill      XL: |  1  2 |
---------------+-------+-----
Dodging        | 3 |  3.5
Unarmed Combat | 4 |  4.3
Fighting       | |  1.1
Spellcasting   | |  2.0
Transmutations | |  2.6

Action                   || total
-------------------------++-------
Melee: Unarmed           ||    89
       Punch             ||     2
       Headbutt          ||     3
 Cast: Beastly Appendage ||     4
  Use: Potion            ||     4
  Eat: Chunk             ||     3
Armor: Robe              ||    14
Dodge: Dodged            ||    69
